 Dungeon Crawl Stone Soup version 0.26-a0-40-gfe7b5d5a6f (webtiles) character file.

Game seed: 7817240785895049463, levelgen mode: deterministic

80 D1HalberdGnoll the Sneak (level 4, 0/24 HPs)
             Began as a Kobold Enchanter on June 1, 2020.
             Was an Initiate of Nemelex Xobeh.
             Slain by an orc
             ... wielding a +0 whip
              (5 damage)
             ... on level 3 of the Dungeon.
             The game lasted 00:06:52 (3058 turns).

D1HalberdGnoll the Sneak (Kobold Enchanter)         Turns: 3058, Time: 00:06:52

Health: 0/24       AC:  5    Str:  8    XL:     4   Next: 65%
Magic:  5/7        EV: 15    Int: 16    God:    Nemelex Xobeh [......]
Gold:   101        SH:  0    Dex: 15    Spells: 4/7 levels left

rFire    . . .     SeeInvis .   a - +1 dagger
rCold    + . .     Gourm    .   (shield restricted)
rNeg     . . .     Faith    .   g - +1 leather armour {rC+}
rPois    .         Spirit   .   (no helmet)
rElec    .         Reflect  .   h - +0 cloak
rCorr    .         Harm     .   (no gloves)
MR       .....                  (no boots)
Stlth    +++.......             (no amulet)
HPRegen  0.08/turn              (no ring)
MPRegen  0.10/turn              (no ring)

@: no status effects
A: small, hooves 1, carnivore, strong 1
a: Draw Escape, Draw Destruction, Draw Summoning, Renounce Religion


You were on level 3 of the Dungeon.
You worshipped Nemelex Xobeh.
Nemelex Xobeh was noncommittal.
You were completely stuffed.

You visited 1 branch of the dungeon, and saw 3 of its levels.

You collected 101 gold pieces.

Inventory:

Hand Weapons
 a - a +1 dagger (weapon)
Armour
 g - a +1 leather armour of cold resistance (worn)
 h - a +0 cloak (worn)
Jewellery
 l - an uncursed ring of fire {unknown}
 n - a cursed amulet of reflection {unknown}
Wands
 j - a wand of random effects (14)
Scrolls
 c - 2 scrolls of teleportation
 f - a scroll of immolation {unknown}
 i - a scroll of amnesia {unknown}
 o - a scroll of random uselessness {unknown}
Potions
 e - a potion of flight
Comestibles
 b - 4 chunks of flesh
 d - 2 rations


   Skills:
 * Level 3.5 Short Blades
 + Level 3.1 Dodging
 * Level 5.3 Stealth
 - Level 2.1 Spellcasting
 - Level 3.0 Hexes
 + Level 0.6 Evocations


You had 4 spell levels left.
You knew the following spells:

 Your Spells              Type           Power        Failure   Level  Hunger
a - Corona                Hex            ##.....      9%          1    #......
b - Ensorcelled Hibernat  Hex/Ice        #.....       24%         2    ###....

Your spell library contained the following spells:

 Spells                   Type           Power        Failure   Level  Hunger
 Confusing Touch          Hex            ##......     26%         3    ###....
 Tukima's Dance           Hex            ##......     26%         3    ###....
 Dazzling Flash           Conj/Hex       #.....       43%         3    ###....


Dungeon Overview and Level Annotations

Branches:
Dungeon (3/15)

Altars:
Gozag
Nemelex Xobeh
Uskayaw
Xom


Innate Abilities, Weirdness & Mutations

You are small and have problems with some larger weapons.
You are carnivorous and can eat meat at any time.
You have large cloven feet.
Your muscles are strong. (Str +2)


Message History

The orc is almost dead.
You hit the orc but do no damage. Your kick misses the orc.
The orc is almost dead.
The orc hits you with a +0 club.
You hit the orc.
You kill the orc!
The orc hits you with a +0 whip.
* * * LOW HITPOINT WARNING * * *
Casting: Corona (safe; 9% risk of failure)
Confirm with . or Enter, or press ? or * to list all spells.
Aiming: Corona (safe; 9% risk of failure)
Press: ? - help, Shift-Dir - straight line, f - orc
Aim: an orc, wielding a +0 whip and wearing a +0 ring mail (chance to defeat MR: 64%)
The orc is outlined in light.
The orc hits you with a +0 whip.
* * * LOW HITPOINT WARNING * * *
You hit the orc.
The orc is moderately wounded.
The orc hits you with a +0 whip.
You die...
Your body disappears without a glow.

###
#########.##########
#....(>o@)..........
.......)#.##.#######
#..##.#.####.# # #.#.#
#.# ##..##.#.####)####
#.....<..........#
......###.........#
......#.######.#..#####
...................#..#
.


You could see an orc (corona).

Vanquished Creatures
  2 adders
  5 dart slugs
  3 leopard geckos (D:1)
  5 orcs (D:3)
  4 bats (D:1)
  3 giant cockroaches
  3 hobgoblins
  3 jackals (D:2)
  2 frilled lizards (D:2)
  2 goblins
  6 kobolds
  6 rats
44 creatures vanquished.

Vanquished Creatures (others)
  A leopard gecko (D:3)
1 creature vanquished.

Grand Total: 45 creatures vanquished

Notes
Turn   | Place    | Note
-------+----------+-------------------------------------------
     0 | D:1      | D1HalberdGnoll the Kobold Enchanter began the quest for the
                  | Orb.
     0 | D:1      | Reached XP level 1. HP: 10/10 MP: 3/3
   349 | D:1      | Reached XP level 2. HP: 15/15 MP: 5/5
  1001 | D:1      | You fall into a shaft and drop 1 floor!
  1072 | D:2      | Learned a level 2 spell: Ensorcelled Hibernation
  1127 | D:2      | Found a hide-covered altar of Uskayaw.
  1129 | D:2      | Found an opulent altar of Gozag.
  1203 | D:1      | Reached XP level 3. HP: 19/19 MP: 4/6
  1487 | D:1      | Found a sparkling altar of Nemelex Xobeh.
  2256 | D:1      | Reached skill level 5 in Stealth
  2356 | D:2      | Reached XP level 4. HP: 23/24 MP: 7/7
  2384 | D:2      | Found a sparkling altar of Nemelex Xobeh.
  2405 | D:2      | Became a worshipper of Nemelex Xobeh the Trickster
  2479 | D:2      | Gained mutation: You have large cloven feet. [potion of
                  | mutation]
  2479 | D:2      | Gained mutation: Your muscles are strong. (Str +2) [potion
                  | of mutation]
  2748 | D:2      | Found a shimmering altar of Xom.
  2783 | D:3      | Received a gift from Nemelex Xobeh
  3058 | D:3      | Slain by an orc

Illustrated notes

Levels and vault maps discovered:
D:1:      erik_arrival_cave_to_civilisation [erik_arrival_cave_to_hall],
          layout_basic, nemelex_diamond_rough_becter
D:2:      layout_loops_cross, overflow_temple_1_default, lemuel_round_altar,
          nicolae_overflow_hidden_temple, minmay_tetromino_i4
D:3:      layout_loops_ring, grunt_temple_overflow_holy_war,
          hangedman_decor_opposing

Skill      XL: |  1  2  3 |
---------------+----------+-----
Short Blades   | 2 3 |  3.5
Dodging        | 3 |  3.1
Stealth        | 5 |  5.3
Spellcasting   | |  2.1
Hexes          | |  3.0
Evocations     | |  0.6

Action                   |  1- 3 |  4- 6 || total
-------------------------+-------+-------++-------
Melee: Dagger            |   147 |    99 ||   246
       Kick              |       |    14 ||    14
 Cast: Corona            |    11 |    10 ||    21
  Use: Potion            |       |     4 ||     4
       Scroll            |       |     1 ||     1
 Stab: Sleeping          |     7 |     1 ||     8
  Eat: Chunk             |    13 |     3 ||    16
Armor: Robe              |     1 |       ||     1
       Leather armour    |    32 |    16 ||    48
Dodge: Dodged            |   115 |    61 ||   176

Table legend:
 A = Non-vault XP
 B = Vault XP
 C = Vault XP percentage of total XP
 D = Non-vault monster count
 E = Vault monster count
 F = Vault count percentage of total count
                 A         B        C        D         E       F
            +---------+---------+-------+---------+---------+-------
      Total |     113 |       2 |   1.7 |      42 |       2 |   4.5
            +---------+---------+-------+---------+---------+-------
        D:1 |      55 |       2 |   3.5 |      20 |       2 |   9.1
        D:2 |      39 |       0 |   0.0 |      16 |       0 |   0.0
        D:3 |      19 |       0 |   0.0 |       6 |       0 |   0.0
            +---------+---------+-------+---------+---------+-------
